[Event "Late-Titled-Tuesday-Blitz-May-28-2024"]
[Site "Chess.com"]
[Date "2024.05.28"]
[Round "7"]
[White "Genghis_K"]
[Black "GarayevKanan"]
[Result "1-0"]
[WhiteElo "2946"]
[BlackElo "2731"]
[TimeControl "180+1"]
[EndTime "15:15:34 PDT"]
[Termination "Genghis_K won by resignation"]

1. e4 c5 2. Nf3 d6 3. d4 cxd4 4.
Nxd4 Nf6 5. Nc3 g6 6. f3 a6 7. Be3 Bg7 8. Qd2 h5 9. Bc4 b5 10.
Bd5 Nxd5 11. Nxd5 Bb7 12. Bg5 Bxd5 13. exd5 Qb6 14. O-O-O Bxd4 15. Qxd4 Qxd4 16. Rxd4 Nd7 17. Re1 f6 18. Bf4 Kf7 19. Rde4 Ne5 20. Bg3 g5 21. h4 Rag8 22. Bxe5 fxe5 23. hxg5 Rxg5 24. f4 Rxg2 25. fxe5 Rg4 26. Rf1+ Kg6 27. Re3 Rd8 28. exd6 Rxd6 29.
Rxe7 Rxd5 30. Re6+ Kg5 31. Rxa6 h4 32. Ra8 h3 33. Rh8 Rg2 34. Rxh3 Rc5 35. Rc3 Re5 36. a3 Kg4 37. Kb1 Ree2 38. Rc1 Kf4 39. Rc5 Re5 40.
Rf1+ 1-0

[Event "Late-Titled-Tuesday-Blitz-May-28-2024"]
[Site "Chess.com"]
[Date "2024.05.28"]
[Round "7"]
[White "BogdanDeac"]
[Black "KorolDimitriy75"]
[Result "1/2-1/2"]
[WhiteElo "3056"]
[BlackElo "2441"]
[TimeControl "180+1"]
[EndTime "15:15:39 PDT"]
[Termination "Game drawn by repetition"]

1. b3 c5 2. Bb2 Nc6 3. e3 d6 4. f4 Nf6 5. Nf3 g6 6. Bxf6 exf6 7. c4 f5 8. Nc3 Bg7 9. Rc1 O-O 10. Be2 Re8 11. O-O Be6 12. Ng5 h6 13. Nxe6 fxe6 14. Bf3 Qd7 15. a3 Rac8 16. g3 Kh7 17.
Kh1 b6 18. Qe2 e5 19. Nd5 e4 20. Bg2 Ne7 21. Nc3 d5 22. cxd5 Nxd5 23. Na2 Rcd8 24.
Rfd1 Bb2 25. Rc2 Bxa3 26. Bf1 Nb4 27. Nxb4 Bxb4 28. Qa6 Re7 29. Bb5 Qe6 30. Bc4 Qf6 31.
Bb5 h5 32. h4 Kh6 33. Kg2 Qe6 34. Qa4 a5 35. Kf2 Qf6 36. Ke2 Re6 37. Bc4 Red6 38. Qa2 Qg7 39. Qa4 Qf6 40. Qa2 Qg7 41. Qa4 Qf6 1/2-1/2

[Event "Late-Titled-Tuesday-Blitz-May-28-2024"]
[Site "Chess.com"]
[Date "2024.05.28"]
[Round "7"]
[White "MaxLeto"]
[Black "Masterisback04"]
[Result "1-0"]
[WhiteElo "2395"]
[BlackElo "2133"]
[TimeControl "180+1"]
[EndTime "15:15:39 PDT"]
[Termination "MaxLeto won by resignation"]

1. g4 d5 2. Bg2 c5 3. h3 Nc6 4. d3 e5 5. Nc3 Be6 6. e4 Nge7 7. Nf3 f6 8. Bd2 Qd7 9. Nh4 d4 10. Ne2 c4 11. Nf5 Ng6 12. h4 cxd3 13. cxd3 Nb4 14.
Rh3 Rc8 15. Kf1 Qb5 16. h5 Bxf5 17. exf5 Ne7 18. Qb3 a5 19. a3 Nec6 20. axb4 axb4 21. Qe6+ Ne7 22. b3 h6 23. Ra4 Rc2 24. Ra8+ 1-0

[Event "Late-Titled-Tuesday-Blitz-May-28-2024"]
[Site "Chess.com"]
[Date "2024.05.28"]
[Round "7"]
[White "KebabJangles"]
[Black "David_ATM"]
[Result "0-1"]
[WhiteElo "2279"]
[BlackElo "2418"]
[TimeControl "180+1"]
[EndTime "15:15:41 PDT"]
[Termination "David_ATM won by resignation"]

1. d4 d5 2. c4 c6 3. Nf3 Nf6 4.
g3 Bf5 5. Bg2 e6 6. O-O h6 7. Nc3 Bh7 8. Qb3 Qb6 9. c5 Qxb3 10.
axb3 Nbd7 11. h3 a6 12. g4 Be7 13. Bf4 Ne4 14. e3 O-O 15. b4 Nxc3 16. bxc3 Be4 17. Ne5 Nxe5 18. Bxe5 Bxg2 19. Kxg2 f6 20. Bg3 Rae8 21. Rae1 f5 22. Be5 Bf6 23. Bd6 Rf7 24.
f3 Bh4 25. Re2 Ra8 26. e4 fxe4 27. fxe4 Rxf1 28. Kxf1 a5 29. exd5 exd5 30. Ra2 a4 31. Kg2 a3 32. Bc7 Be1 33. Ba5 Bxc3 34. Rxa3 Bxd4 35. Rd3 Bxc5 36. bxc5 Rxa5 37. Rb3 Rxc5 38. Rxb7 d4 39. Kf3 Rc3+ 40. Ke4 Rxh3 41. Kxd4 Rg3 42. Kc5 Rxg4 43. Kxc6 Rd4 44. Kc5 Rd1 45. Rb8+ Kh7 46. Rb7 h5 47. Rb4 Kh6 48. Kc4 h4 49. Kc3 g5 50. Kc2 Rd8 51. Rb6+ Kh5 52. Rb5 h3 53. Rb2 Kh4 54. Rb4+ g4 55. Rb7 h2 56. Rh7+ Kg3 57. Kc1 Kg2 58. Kc2 h1=Q 0-1

[Event "Late-Titled-Tuesday-Blitz-May-28-2024"]
[Site "Chess.com"]
[Date "2024.05.28"]
[Round "7"]
[White "yaguigor"]
[Black "Caterpiller35"]
[Result "1-0"]
[WhiteElo "2592"]
[BlackElo "2468"]
[TimeControl "180+1"]
[EndTime "15:15:52 PDT"]
[Termination "yaguigor won by resignation"]

1. e4 c5 2. Nf3 Nc6 3. d4 cxd4 4.
Nxd4 e5 5. Nb5 d6 6. c4 Be7 7. Bd3 Be6 8. O-O Rc8 9. b3 a6 10. N5c3 Bg5 11. Bb2 Nf6 12. Nd5 O-O 13. Nbc3 Nd4 14.
Ne2 Nxe2+ 15. Qxe2 Bxd5 16. cxd5 Qa5 17. Rfd1 g6 18.
g3 h5 19. Kg2 Kg7 20. a3 h4 21. b4 Qd8 22. Rf1 h3+ 23. Kh1 Nh5 24. Qg4 Bf6 25.
Qxh3 Rh8 26. Qg4 Rh7 27. Kg2 Qb6 28. Qxc8 1-0

[Event "Late-Titled-Tuesday-Blitz-May-28-2024"]
[Site "Chess.com"]
[Date "2024.05.28"]
[Round "7"]
[White "Mikhail_Golubev"]
[Black "Kombinator01"]
[Result "0-1"]
[WhiteElo "2624"]
[BlackElo "2485"]
[TimeControl "180+1"]
[EndTime "15:15:53 PDT"]
[Termination "Kombinator01 won by resignation"]

1. e4 e5 2. Nf3 Nc6 3. Bc4 Nf6 4. d3 Be7 5. O-O O-O 6. Nc3 d6 7. a3 Be6 8. Be3 Qd7 9. Qe2 h6 10. Bxe6 Qxe6 11. d4 exd4 12. Nxd4 Nxd4 13. Bxd4 Rfe8 14. Rfe1 a6 15. Rad1 Rad8 16. Bxf6 Bxf6 17. Nd5 Rd7 18. c4 c6 19. Nf4 Qe5 20. Qg4 Rde7 21. Re2 Qg5 22. Qf3 Be5 23. Nd3 Qh4 24. g3 Qf6 25. Nxe5 Qxe5 26. Kg2 f5 27. Qb3 fxe4 28. Qxb7 Rxb7 0-1

[Event "Late-Titled-Tuesday-Blitz-May-28-2024"]
[Site "Chess.com"]
[Date "2024.05.28"]
[Round "7"]
[White "JohnWhite1952"]
[Black "Connectedcloud"]
[Result "0-1"]
[WhiteElo "2018"]
[BlackElo "2225"]
[TimeControl "180+1"]
[EndTime "15:15:53 PDT"]
[Termination "Connectedcloud won on time"]

1. e4 c5 2. Nf3 d6 3. d3 Nc6 4.
g3 Nf6 5. Bg2 g6 6. O-O Bg7 7.
Re1 O-O 8. Nbd2 Rb8 9. a4 a6 10. Nc4 b5 11. axb5 axb5 12. Ne3 e6 13. Nh4 d5 14. exd5 exd5 15. c3 Be6 16. d4 cxd4 17.
cxd4 Qb6 18. Nc2 b4 19. Nf3 b3 20. Ne3 Ne4 21. Ra3 Nxd4 22. Nxd4 Bxd4 23. Bxe4 dxe4 24. Qe2 Rfc8 25. Ng4 Bxg4 26. Qxg4 Bxf2+ 27. Kg2 Bxe1 28. Bf4 Rc2+ 29. Kh3 Qg1 30. Kh4 Qxh2+ 31. Kg5 h6+ 32. Kf6 Rc6+ 33. Ke7 Bb4+ 34. Kd7 Bxa3 0-1

[Event "Late-Titled-Tuesday-Blitz-May-28-2024"]
[Site "Chess.com"]
[Date "2024.05.28"]
[Round "7"]
[White "Dexter_Dyke"]
[Black "Felix-Rose"]
[Result "1-0"]
[WhiteElo "2451"]
[BlackElo "2293"]
[TimeControl "180+1"]
[EndTime "15:15:55 PDT"]
[Termination "Dexter_Dyke won on time"]

1. e4 e5 2. f4 exf4 3. Nf3 Nf6 4. e5 Nh5 5. d4 d6 6. Be2 g6 7. O-O Nc6 8. Nc3 Bg7 9. d5 Ne7 10. Ng5 dxe5 11. Bxh5 gxh5 12. Qxh5 Ng6 13. g3 h6 14. Nxf7 Kxf7 15. gxf4 exf4 16. Bxf4 Rg8 17. Bg5+ Bf6 18. Rxf6+ Qxf6 19. Bxf6 Kxf6 20. Kh1 Kg7 21. Rg1 Kh7 22. Ne4 1-0

[Event "Late-Titled-Tuesday-Blitz-May-28-2024"]
[Site "Chess.com"]
[Date "2024.05.28"]
[Round "7"]
[White "topce"]
[Black "Slovak_fighter2000"]
[Result "0-1"]
[WhiteElo "2398"]
[BlackElo "2552"]
[TimeControl "180+1"]
[EndTime "15:15:59 PDT"]
[Termination "Slovak_fighter2000 won by checkmate"]

1. e4 c5 2. Nf3 Nc6 3. Bb5 e6 4. Bxc6 bxc6 5. d3 Ne7 6. O-O Ng6 7. c4 e5 8. Nc3 d6 9. h3 Be7 10.
Nh2 O-O 11. f4 exf4 12. Bxf4 Nxf4 13. Rxf4 Bf6 14. Qc2 Be5 15. Rf3 Qg5 16. Raf1 Rb8 17. Kh1 Be6 18. b3 f5 19. exf5 Rxf5 20. Ne4 Qg6 21. Rxf5 Bxf5 22. Nf3 Bxe4 23. dxe4 Re8 24.
Nxe5 Rxe5 25. Rd1 Rxe4 26. Qf2 Re6 27. Qf3 Qe8 28. Kh2 h6 29. Qf4 Qe7 30. Qf3 Qd7 31.
Rd3 Rf6 32. Qd1 Qe6 33. Qd2 Qe5+ 34. Kh1 Rf1# 0-1

[Event "Late-Titled-Tuesday-Blitz-May-28-2024"]
[Site "Chess.com"]
[Date "2024.05.28"]
[Round "7"]
[White "SHIVACalypso"]
[Black "BAS8892"]
[Result "0-1"]
[WhiteElo "2545"]
[BlackElo "2733"]
[TimeControl "180+1"]
[EndTime "15:16:03 PDT"]
[Termination "BAS8892 won by resignation"]

1. f4 c5 2. Nf3 Nc6 3. b4 cxb4 4. Bb2 d5 5. e3 Bg4 6. a3 bxa3 7. Nxa3 Nf6 8. Be2 e6 9. O-O Be7 10. h3 Bh5 11. g4 Bg6 12. d3 O-O 13. Ne5 Qb6 14.
Nxc6 Qxe3+ 15. Kg2 bxc6 16. Bc1 Qb6 17. f5 exf5 18.
gxf5 Qd4 19. Rb1 Bd6 20. fxg6 fxg6 21. c4 Rae8 22. Nc2 Qe5 23. Bf4 Qxe2+ 24. Rf2 Qe6 25. Nd4 Qd7 26. Bxd6 Qxd6 27. Rb7 Nh5 28. Rxf8+ Rxf8 29. Qg4 Nf4+ 30. Kh1 dxc4 31. Rd7 Qe5 32. Nxc6 Qe1+ 33.
Kh2 Qf2+ 34. Kh1 Ne2 35. Ne7+ Kh8 36. Nxg6+ hxg6 37. Qh4+ Qxh4 0-1

[Event "Late-Titled-Tuesday-Blitz-May-28-2024"]
[Site "Chess.com"]
[Date "2024.05.28"]
[Round "7"]
[White "bancsoo"]
[Black "RAU4ever"]
[Result "1-0"]
[WhiteElo "2891"]
[BlackElo "2371"]
[TimeControl "180+1"]
[EndTime "15:16:04 PDT"]
[Termination "bancsoo won by resignation"]

1. d4 Nf6 2. Nf3 e6 3. g3 b5 4. Bg2 Bb7 5. O-O Be7 6. Bg5 h6 7. Bxf6 Bxf6 8. c3 O-O 9. Qd3 a6 10. Ng5 Bxg5 11. Bxb7 Ra7 12. Bg2 d5 13. a4 Rb7 14.
axb5 axb5 15. b4 Nd7 16. e4 c6 17. f4 Be7 18. Nd2 Nb6 19. f5 Qd7 20. Rae1 exf5 21. Rxf5 Bg5 22. Nb3 Re8 23. e5 Qc8 24. Nc5 Ra7 25.
Ref1 Nc4 26. h4 Ne3 27. hxg5 Nxf1 28. Qxf1 hxg5 29. Rxg5 Ra2 30. Qf6 g6 31. e6 Qc7 32.
exf7+ Qxf7 33. Rxg6+ Kf8 1-0

[Event "Late-Titled-Tuesday-Blitz-May-28-2024"]
[Site "Chess.com"]
[Date "2024.05.28"]
[Round "7"]
[White "ccccvhhhj"]
[Black "KatakuriDono"]
[Result "1/2-1/2"]
[WhiteElo "2445"]
[BlackElo "2302"]
[TimeControl "180+1"]
[EndTime "15:16:07 PDT"]
[Termination "Game drawn by repetition"]

1. e4 e5 2. Nf3 Nc6 3. Bc4 Nf6 4. Ng5 d5 5. exd5 Na5 6. Bb5+ c6 7. dxc6 bxc6 8.
Bd3 Nd5 9. Ne4 f5 10. Nec3 Nf4 11.
Bf1 Bc5 12. d3 O-O 13. Be3 Bxe3 14. fxe3 Nd5 15. Nxd5 cxd5 16. Be2 f4 17. exf4 Rxf4 18. Nc3 Bb7 19. Bf3 Qd7 20. O-O Raf8 21. Be2 Rxf1+ 22. Bxf1 Qe7 23. Qg4 Nc6 24. Ne2 Kh8 25. c3 Ba6 26. Ng3 e4 27. dxe4 Ne5 28. Qd1 Bxf1 29. Nxf1 dxe4 30. Qe2 Nd3 31. Ng3 Qc5+ 32. Kh1 Nf2+ 33. Kg1 Nh3+ 34. Kh1 Nf2+ 35. Kg1 Nh3+ 36. Kh1 Nf2+ 1/2-1/2

[Event "Late-Titled-Tuesday-Blitz-May-28-2024"]
[Site "Chess.com"]
[Date "2024.05.28"]
[Round "7"]
[White "Jospem"]
[Black "DanielNaroditsky"]
[Result "1/2-1/2"]
[WhiteElo "3029"]
[BlackElo "3082"]
[TimeControl "180+1"]
[EndTime "15:16:10 PDT"]
[Termination "Game drawn by agreement"]

1. e4 e5 2. Nf3 Nc6 3. Nc3 Bb4 4. a3 Ba5 5. Bc4 Nf6 6. O-O d6 7. d3 h6 8. h3 Be6 9. Bxe6 fxe6 10. Ne2 Bb6 11. Ng3 O-O 12. c3 Qe8 13. Be3 Nh5 14. Nxh5 Qxh5 15. Nd2 Qxd1 16. Raxd1 Bxe3 17. fxe3 Rxf1+ 18. Kxf1 Kf7 19. Ke2 Ke7 20. b4 a6 21. a4 b5 22.
Ra1 Rb8 23. axb5 axb5 24. d4 Kd7 25. Nf3 exd4 26. exd4 e5 27. dxe5 Nxe5 28. Nxe5+ dxe5 29. Ra6 Rb6 30. Ra5 h5 1/2-1/2

[Event "Late-Titled-Tuesday-Blitz-May-28-2024"]
[Site "Chess.com"]
[Date "2024.05.28"]
[Round "7"]
[White "Roedor"]
[Black "Arteler"]
[Result "1-0"]
[WhiteElo "2325"]
[BlackElo "2218"]
[TimeControl "180+1"]
[EndTime "15:16:11 PDT"]
[Termination "Roedor won by resignation"]

1. c4 e6 2. g3 Nf6 3. Bg2 d5 4. d4 c6 5. Nf3 Be7 6. O-O O-O 7. Nbd2 Nbd7 8. Qc2 dxc4 9. Nxc4 Nb6 10. Nce5 Bd6 11. Rd1 Nbd5 12. a3 Qc7 13. e4 Ne7 14. Nc4 e5 15. dxe5 Bc5 16. exf6 gxf6 17. Be3 Bxe3 18. Nxe3 Be6 19. Nd5 Bxd5 20. exd5 Rad8 21. Nh4 Rd7 22. dxc6 Rxd1+ 23. Rxd1 bxc6 24. Nf5 Ng6 25. Qxc6 Qe5 26.
Qe4 Qxb2 27. Ne7+ Kg7 28. Nxg6 hxg6 29. Qb4 Rc8 30. Qxb2 1-0

[Event "Late-Titled-Tuesday-Blitz-May-28-2024"]
[Site "Chess.com"]
[Date "2024.05.28"]
[Round "7"]
[White "merinasian"]
[Black "subham777"]
[Result "1-0"]
[WhiteElo "2459"]
[BlackElo "2557"]
[TimeControl "180+1"]
[EndTime "15:16:12 PDT"]
[Termination "merinasian won by resignation"]

1. d4 d5 2. Nf3 Nf6 3. c4 e6 4. e3 Be7 5. Nbd2 O-O 6. Bd3 b6 7. O-O Bb7 8. Qe2 Ne4 9. b3 c5 10. Bb2 f5 11. Rfd1 Qe8 12. Ne5 Nxd2 13. Rxd2 Bf6 14.
cxd5 Bxd5 15. dxc5 bxc5 16. Bc4 Nc6 17. Rxd5 exd5 18.
Bxd5+ Kh8 19. Bxc6 Qe7 20. Bxa8 Bxe5 21. Bf3 g5 22. g3 Rd8 23. Bxe5+ Qxe5 24. Rd1 Rxd1+ 25. Qxd1 g4 26. Be2 Qb2 27. a4 a5 28. Bc4 Kg7 29.
Kg2 Qe5 30. Qd5 Qe7 31. Qxf5 Qb7+ 32. Bd5 Qb4 33. e4 Qd4 34. Qxg4+ Kf6 35. Qf5+ Kg7 36.
h4 c4 37. Bxc4 h5 38. Qg5+ Kf8 39. Qh6+ Ke7 40. Qe6+ Kd8 41. Qd5+ 1-0

[Event "Late-Titled-Tuesday-Blitz-May-28-2024"]
[Site "Chess.com"]
[Date "2024.05.28"]
[Round "7"]
[White "jaskol95"]
[Black "MikeSailer"]
[Result "1-0"]
[WhiteElo "2552"]
[BlackElo "2157"]
[TimeControl "180+1"]
[EndTime "15:16:13 PDT"]
[Termination "jaskol95 won by resignation"]

1. d4 d5 2. Nc3 e6 3. Bf4 Bd6 4.
e3 Bxf4 5. exf4 Nf6 6. Nf3 Nbd7 7.
g3 c5 8. Ne5 cxd4 9. Qxd4 Qb6 10. O-O-O Qxd4 11. Rxd4 a6 12. Bg2 Nxe5 13. fxe5 Nd7 14. f4 b5 15. Ne2 Bb7 16. Rdd1 Ke7 17. Nd4 Rac8 18. Kd2 Rc4 19. Ke3 Rhc8 20. b3 Rc3+ 21. Rd3 R3c7 22. Rf1 Nc5 23. Rd2 g6 24. g4 Nd7 25. Ke2 Rc3 26. Kd1 Nc5 27. f5 exf5 28. gxf5 gxf5 29. Nxf5+ Ke6 30. Nd6 Rf8 31. Nxb7 Nxb7 32.
Bxd5+ Kxe5 33. Bxb7 1-0

[Event "Late-Titled-Tuesday-Blitz-May-28-2024"]
[Site "Chess.com"]
[Date "2024.05.28"]
[Round "7"]
[White "Blitz"]
[Black "NMChessToImpress"]
[Result "1-0"]
[WhiteElo "2513"]
[BlackElo "2318"]
[TimeControl "180+1"]
[EndTime "15:16:16 PDT"]
[Termination "Blitz won by resignation"]

1. d4 e6 2. e4 d5 3. Nc3 Bb4 4. e5 c5 5. a3 Bxc3+ 6. bxc3 Ne7 7. Qg4 Qc7 8. Qxg7 Rg8 9. Qxh7 cxd4 10. Ne2 Nbc6 11.
f4 dxc3 12. Qd3 d4 13. Nxd4 Nxd4 14. Qxd4 Bd7 15. Rb1 Nf5 16. Qf2 Bc6 17. Rg1 Qa5 18. g4 O-O-O 19. gxf5 Rxg1 20. Qxg1 Qd5 21. Be2 Qa2 22.
Rb4 Qxc2 23. Qe3 Rg8 24. fxe6 Rg1+ 25. Qxg1 Qxc1+ 26. Kf2 Qd2 27. Qg8+ Kc7 28. Qxf7+ Kc8 29. e7 c2 30. e8=Q+ Bxe8 31. Qxe8+ Kc7 32. Qe7+ Qd7 33. Qxd7+ Kxd7 34. Rc4 b5 35. Rxc2 1-0

[Event "Late-Titled-Tuesday-Blitz-May-28-2024"]
[Site "Chess.com"]
[Date "2024.05.28"]
[Round "7"]
[White "Balla_Tamas"]
[Black "ATM622"]
[Result "0-1"]
[WhiteElo "2450"]
[BlackElo "2582"]
[TimeControl "180+1"]
[EndTime "15:16:20 PDT"]
[Termination "ATM622 won by resignation"]

1. Nf3 Nf6 2. b3 d5 3. Bb2 c5 4. e3 Nc6 5. Bb5 Bd7 6. O-O e6 7. c4 Be7 8. cxd5 exd5 9. d4 O-O 10. dxc5 Bxc5 11. Nc3 a6 12. Be2 Be6 13. Rc1 Bd6 14. Na4 Ne4 15. Nd4 Nxd4 16. Qxd4 f6 17. Qb6 Qe7 18. Rfd1 Rfc8 19. Bf3 Bc7 20. Ba3 Bxb6 21. Bxe7 Ba7 22. h3 Kf7 23. Ba3 b5 24. Nb2 Nc3 25.
Re1 Nxa2 26. Rxc8 Rxc8 27. Nd3 a5 28. Nf4 Nc3 29. Bb2 Ne4 30. Rd1 Rc2 31. Bd4 Bb8 32.
Nxe6 Kxe6 33. Bxe4 dxe4 34. Bb6 a4 35. bxa4 bxa4 36. Ra1 a3 37. g3 a2 38. Bd4 Kd5 39. Kf1 Kc4 40. Ke1 Kb3 41. h4 Rb2 42. Kd1 Rb1+ 43.
Kd2 Rxa1 44. Bxa1 Be5 0-1

[Event "Late-Titled-Tuesday-Blitz-May-28-2024"]
[Site "Chess.com"]
[Date "2024.05.28"]
[Round "7"]
[White "Oleksandr_Bortnyk"]
[Black "Vladimir_Zakhartsov"]
[Result "1-0"]
[WhiteElo "3030"]
[BlackElo "2868"]
[TimeControl "180+1"]
[EndTime "15:16:22 PDT"]
[Termination "Oleksandr_Bortnyk won by resignation"]

1. e4 c5 2. Be2 Nc6 3. d3 g6 4. f4 Bg7 5. Nf3 d6 6. c3 Bg4 7.
Be3 Nf6 8. Nbd2 O-O 9. O-O b5 10.
h3 Bxf3 11. Bxf3 Nd7 12. e5 Qc7 13. d4 Rab8 14. Ne4 Na5 15. b3 b4 16. Rc1 bxc3 17.
Rxc3 Nc6 18. Rc1 Qd8 19. Nxc5 Nxd4 20. Bxd4 Nxc5 21. exd6 Bxd4+ 22. Qxd4 exd6 23. f5 Qb6 24. Rfd1 a5 25. Qxd6 Na6+ 26. Kh2 Nb4 27. a3 Na2 28. Qxb6 Rxb6 29. Rc2 Rxb3 30. Rxa2 gxf5 31. Rd5 1-0

[Event "Late-Titled-Tuesday-Blitz-May-28-2024"]
[Site "Chess.com"]
[Date "2024.05.28"]
[Round "7"]
[White "rezamahdavi2008"]
[Black "Dolphin_2010"]
[Result "1-0"]
[WhiteElo "3001"]
[BlackElo "2758"]
[TimeControl "180+1"]
[EndTime "15:16:22 PDT"]
[Termination "rezamahdavi2008 won by checkmate"]

1. e4 c6 2. d4 d5 3. e5 Bf5 4. Nc3 e6 5. g4 Bg6 6. Nge2 h5 7. Nf4 Bh7 8. Nxh5 c5 9. h4 Nc6 10. dxc5 Bxc5 11. Bg5 Qa5 12. Qd2 Nxe5 13. Be2 f6 14. Nxg7+ Kf7 15. Nxe6 Kxe6 16. Qxd5+ Ke7 17. Qxe5+ Kf7 18.
Qd5+ Kg7 19. Be3 Rc8 20. Bc4 Bg6 21. h5 Be8 22. h6+ Nxh6 23. Qxb7+ Rc7 24. Qd5 Rc6 25. Bxh6+ Rxh6 26. Qg8# 1-0

[Event "Late-Titled-Tuesday-Blitz-May-28-2024"]
[Site "Chess.com"]
[Date "2024.05.28"]
[Round "7"]
[White "Robert_Oros"]
[Black "Cuchulin"]
[Result "1-0"]
[WhiteElo "2437"]
[BlackElo "2236"]
[TimeControl "180+1"]
[EndTime "15:16:23 PDT"]
[Termination "Robert_Oros won by resignation"]

1. d4 d5 2. c4 e6 3. Nc3 Nf6 4. cxd5 exd5 5. Bg5 Be7 6. e3 O-O 7. Bd3 Nbd7 8. Qc2 h6 9. Bh4 c5 10. Nge2 c4 11. Bf5 Nb6 12. O-O Ne4 13. Bxc8 Rxc8 14. Bg3 Nxg3 15. Nxg3 g6 16. Rad1 Bf6 17. e4 dxe4 18.
d5 Bxc3 19. bxc3 f5 20. f3 exf3 21. Rxf3 Nxd5 22. Kh1 Qa5 23. Nxf5 gxf5 24. Rxf5 Ne3 25. Rxf8+ Kxf8 26. Qf2+ Nf5 27. Rf1 Rc5 28. g4 Qxc3 29.
Qxc5+ Kg7 30. Qxf5 1-0

[Event "Late-Titled-Tuesday-Blitz-May-28-2024"]
[Site "Chess.com"]
[Date "2024.05.28"]
[Round "7"]
[White "KejJaj"]
[Black "howitzer14"]
[Result "0-1"]
[WhiteElo "2159"]
[BlackElo "3018"]
[TimeControl "180+1"]
[EndTime "15:16:23 PDT"]
[Termination "howitzer14 won by resignation"]

1. d4 Nf6 2. Bf4 Nd5 3. Bg3 f5 4. c4 Nf6 5. e3 e6 6. Bd3 b6 7. Nf3 Bb4+ 8. Nbd2 Bb7 9. a3 Bxd2+ 10. Qxd2 O-O 11. h3 Ne4 12. Qc2 d6 13. Bh4 Qe8 14. g4 Nd7 15. O-O-O Kh8 16. gxf5 exf5 17. Rhg1 Qh5 18. Be2 Nxf2 19. Bxf2 Bxf3 20. Bxf3 Qxf3 21. Rg3 Qe4 22. Qe2 Nf6 23. Rdg1 Rf7 24. Qd1 Re8 25. Qa4 a5 26. Rg5 Qe6 27. h4 Ne4 28. R5g2 Nxf2 29.
Kb1 Ng4 30. h5 h6 31. Re1 Qe4+ 0-1

[Event "Late-Titled-Tuesday-Blitz-May-28-2024"]
[Site "Chess.com"]
[Date "2024.05.28"]
[Round "7"]
[White "CarlosjPineror"]
[Black "jlf287"]
[Result "1-0"]
[WhiteElo "2754"]
[BlackElo "2516"]
[TimeControl "180+1"]
[EndTime "15:16:25 PDT"]
[Termination "CarlosjPineror won by resignation"]

1. e4 e5 2. Nf3 Nc6 3. Bb5 a6 4. Ba4 Nf6 5. d4 exd4 6. e5 Ne4 7. O-O Be7 8. Nxd4 Nc5 9. Nf5 O-O 10. Qg4 g6 11. Bxc6 dxc6 12. Nxe7+ Qxe7 13. Qg3 Be6 14. Bg5 Qd7 15. Nc3 Bf5 16. Bf6 h6 17. Rad1 Qe6 18.
Rd4 Nd7 19. Rxd7 Qxd7 20. Rd1 Qe6 21. Rd4 Rfe8 22. Qh4 c5 23. Ne4 Qxa2 24. Nc3 Qa1+ 25. Rd1 Qxd1+ 26. Nxd1 Kh7 27. Ne3 Be6 28. Ng4 Bxg4 29. Qxg4 Re6 30. h4 a5 31. h5 g5 32.
Qe4+ Kg8 33. Qxb7 Rae8 34. Qxc7 a4 35. Qxc5 Ra6 36. Qb5 Rea8 37. c4 a3 38. bxa3 Rxa3 39. c5 R3a5 40. Qb3 Ra3 41. Qd5 Rc8 42. e6 1-0

[Event "Late-Titled-Tuesday-Blitz-May-28-2024"]
[Site "Chess.com"]
[Date "2024.05.28"]
[Round "7"]
[White "Slovineanu"]
[Black "Lennis93"]
[Result "0-1"]
[WhiteElo "2551"]
[BlackElo "2771"]
[TimeControl "180+1"]
[EndTime "15:16:26 PDT"]
[Termination "Lennis93 won by resignation"]

1. d4 Nf6 2. Nf3 d5 3. c4 dxc4 4. e3 a6 5. Bxc4 e6 6. O-O Be7 7. Nbd2 b5 8. Bd3 c5 9. a4 c4 10.
Bc2 Bb7 11. e4 Nbd7 12. e5 Nd5 13. Ne4 b4 14. Bg5 O-O 15. Bxe7 Nxe7 16. Nd6 Bd5 17. Qe2 Ng6 18. Bxg6 fxg6 19. Nxc4 Rxf3 20. gxf3 Qg5+ 21. Kh1 Qh5 22. Nd2 Rf8 23. Ne4 Rxf3 24. Rac1 Nb6 25. Rc5 Rf4 26. Qxh5 Bxe4+ 27. f3 gxh5 28. fxe4 Rxf1+ 29. Kg2 Rb1 30. d5 exd5 31. exd5 Rxb2+ 32. Kf3 Rd2 33. Ke4 Nxd5 34. Rxd5 Rxd5 35. Kxd5 b3 36. e6 b2 0-1

[Event "Late-Titled-Tuesday-Blitz-May-28-2024"]
[Site "Chess.com"]
[Date "2024.05.28"]
[Round "7"]
[White "rhwr"]
[Black "Nathan_Filgueiras"]
[Result "1-0"]
[WhiteElo "2348"]
[BlackElo "2525"]
[TimeControl "180+1"]
[EndTime "15:16:26 PDT"]
[Termination "rhwr won by resignation"]

1. e4 c5 2. Nf3 Nc6 3. d4 cxd4 4. Nxd4 e5 5. Nb5 d6 6. N1c3 a6 7. Na3 b5 8. Nd5 Nce7 9. c4 Nxd5 10. cxd5 f5 11.
Bd3 fxe4 12. Bxe4 Nf6 13. Bf3 Be7 14. O-O O-O 15. Nc2 Bb7 16. Ne3 Qd7 17. g3 Rae8 18.
Bg2 Bd8 19. a4 Bb6 20. axb5 axb5 21. b4 e4 22. Qb3 Kh8 23. Rd1 Ng4 24. Nxg4 Qxg4 25.
Be3 Bxe3 26. Qxe3 Re5 27. h3 Qh5 28. Rd4 Bxd5 29. Bxe4 Bxe4 30. Rxe4 Rxe4 31. Qxe4 Qxh3 32. Ra8 g6 33. Rxf8+ Kg7 34. Qe7+ Kh6 35. Qxd6 Qh5 36.
Rf4 Qd1+ 37. Qxd1 1-0

[Event "Late-Titled-Tuesday-Blitz-May-28-2024"]
[Site "Chess.com"]
[Date "2024.05.28"]
[Round "7"]
[White "Lavandum24"]
[Black "luca_va99"]
[Result "0-1"]
[WhiteElo "1751"]
[BlackElo "2172"]
[TimeControl "180+1"]
[EndTime "15:16:33 PDT"]
[Termination "luca_va99 won by resignation"]

1. d4 Nf6 2. c4 c5 3. d5 b5 4. Nc3 b4 5. Nb1 d6 6. Nd2 g6 7. e4 Bg7 8. f4 O-O 9. Ngf3 Bg4 10. h3 Bxf3 11. Qxf3 Nbd7 12. Bd3 a5 13. g4 a4 14. g5 Nh5 15. Be2 a3 16. Rb1 axb2 17. Bxb2 Rxa2 18. Bxg7 Nxg7 19. Qb3 Qa5 20. Bg4 Nb6 21. Ke2 Ra8 22.
e5 Qa3 23. Rhc1 Qxb3 24. Rxb3 Na4 25. Ke3 Nc3 26. Ne4 Nxe4 27. Kxe4 R8a3 28. Rcb1 Rxb3 29. Rxb3 Ra3 30. Bd1 Nf5 31. Rxa3 bxa3 32. Bb3 Nd4 33. Ba2 Ne2 34. exd6 exd6 35. Bb3 Nc1 0-1

[Event "Late-Titled-Tuesday-Blitz-May-28-2024"]
[Site "Chess.com"]
[Date "2024.05.28"]
[Round "7"]
[White "Smoking_Crow"]
[Black "Veleamater"]
[Result "1-0"]
[WhiteElo "2581"]
[BlackElo "2456"]
[TimeControl "180+1"]
[EndTime "15:16:34 PDT"]
[Termination "Smoking_Crow won by resignation"]

1. e4 d6 2. d4 g6 3. Nc3 Bg7 4. Be3 Nf6 5. f3 O-O 6. Qd2 a6 7. O-O-O Nc6 8. h4 h5 9. Nh3 e5 10. d5 Ne7 11. Bh6 Kh7 12. Ng5+ Kg8 13. Bxg7 Kxg7 14. Kb1 Rh8 15. Be2 b5 16. Rhg1 Bd7 17. Qe3 b4 18. f4 bxc3 19. Qxc3 exf4 20. e5 dxe5 21. Qxe5 Nf5 22. Bd3 Ne3 23. Rd2 Re8 24. Qd4 Nxd5 25. c4 Ne3 26. Qxf4 Neg4 27. Ka1 Qe7 28. Qxc7 Qb4 29. Rc2 Re1+ 30. Rc1 Rxg1 31. Rxg1 Rb8 32. Rb1 Ne3 33. Qf4 Nd1 34. Qd4 Qd2 35. Ne4 Rb6 36. Nxd2 Bg4 37. Qxb6 1-0

[Event "Late-Titled-Tuesday-Blitz-May-28-2024"]
[Site "Chess.com"]
[Date "2024.05.28"]
[Round "7"]
[White "ZachHKL"]
[Black "cthake"]
[Result "1-0"]
[WhiteElo "2374"]
[BlackElo "1778"]
[TimeControl "180+1"]
[EndTime "15:16:35 PDT"]
[Termination "ZachHKL won on time"]

1. e4 e6 2. d4 d5 3. Nd2 c5 4. Ngf3 Nc6 5. exd5 exd5 6. Bb5 Bd7 7. O-O Nf6 8. Re1+ Be7 9. dxc5 O-O 10. Nb3 a6 11. Bxc6 bxc6 12. Ne5 Ne4 13. Be3 a5 14. f3 Nf6 15. a4 Re8 16. Kh1 Qc7 17. Bf4 Nh5 18. Bd2 Bf6 19. Nxd7 Rxe1+ 20. Qxe1 Qxd7 21. Bc3 Bxc3 22. Qxc3 Nf4 23. Re1 Re8 24. Kg1 Ne2+ 25. Rxe2 Rxe2 26.
Kf1 Re8 27. Qxa5 Qe6 28. Qd2 Qe5 29. Nd4 Qc7 30. g3 Rb8 31. b4 Ra8 32. a5 Qb7 33. c3 Qa6+ 34. Qe2 Qb7 35. Qd3 Re8 36.
Kf2 Qe7 37. Nxc6 Qe1+ 38. Kg2 Qe6 39. Nd4 Qe1 40. a6 Qa1 41. Qb5 Ra8 42. Qb7 Qxa6 43. Qxa6 Rxa6 44. b5 1-0